 Dungeon Crawl Stone Soup version 0.18.1-50-g88ac8fd (webtiles) character file.

457 Korbac the Ducker (level 7, -4/63 HPs)
             Began as a Tengu Warper on Oct 15, 2016.
             Was a Follower of Dithmenos.
             Slain by an ice beast (13 damage)
             ... on level 5 of the Dungeon.
             The game lasted 00:25:11 (3866 turns).

Korbac the Ducker (Tengu Warper)                    Turns: 3866, Time: 00:25:12

Health: -4/63      AC: 23    Str: 12    XL:     7   Next: 6%
Magic:  11/11      EV:  2    Int: 13    God:    Dithmenos [*.....]
Gold:   211        SH:  0    Dex: 15    Spells: 3 memorised, 5 levels left

rFire  . . .     SeeInvis .     a - +0 spear
rCold  . . .     Gourm    .     (armour currently unavailable)
rNeg   + + +     Faith    .     (no shield)
rPois  +         Spirit   .     (helmet currently unavailable)
rElec  .         Dismiss  .     (cloak currently unavailable)
rCorr  .         Reflect  .     (gloves currently unavailable)
SustAt +         Harm     .     (boots unavailable)
MR     +....     NoTele   +     (no amulet)
Stlth  ++........               i - ring of sustain attributes
                                k - ring of protection from magic

@: tree-form, wreathed by umbra, somewhat resistant to hostile enchantments,
unstealthy
A: (beak), (talons 0), able to fly 1
a: Fly, Renounce Religion


You were on level 5 of the Dungeon.
You worshipped Dithmenos.
Dithmenos was aware of your devotion.
You were full.
You were a tree.
You visited 2 branches of the dungeon, and saw 6 of its levels.

You collected 211 gold pieces.

Inventory:

Hand Weapons
 a - a +0 spear (weapon)
 y - a +1 short sword of electrocution
Missiles
 e - 4 tomahawks of dispersal (quivered)
 p - 21 sling bullets
 r - 2 tomahawks
Armour
 b - a +0 leather armour
 o - a +1 cloak (melded)
 s - a quicksilver dragon armour (melded)
Jewellery
 f - an uncursed amulet of rage
 i - a ring of sustain attributes (right branch)
 k - a ring of protection from magic (left branch)
 m - an uncursed amulet of rage
Scrolls
 d - a scroll of blinking
 l - a scroll of recharging {unknown}
 q - a scroll of teleportation
 t - a scroll of noise
 x - a scroll of identify
 B - a scroll of fog {unknown}
 C - a scroll of immolation {unknown}
Potions
 j - a potion of cure mutation {unknown}
 n - a potion of curing {unknown}
 u - 2 potions of flight
 w - a potion of might {unknown}
 z - a potion of cancellation
Books
 c - a book of Spatial Translocations

   Spells                             Type                      Level
   a - Apportation                    Translocation                1
   b - Blink                          Translocation                2
   c - Shroud of Golubria             Charms/Translocation         2
   d - Portal Projectile              Translocation                3
   e - Teleport Other                 Translocation                3
   f - Passage of Golubria            Translocation                4
Comestibles
 g - 5 meat rations
 v - 2 bread rations
 A - 3 fruits


   Skills:
 * Level 3.7 Fighting
 * Level 4.2 Polearms
 - Level 1.0 Throwing
 + Level 2.5 Armour
 + Level 4.2 Dodging
 * Level 2.0 Unarmed Combat
 + Level 2.3 Spellcasting
 + Level 3.0 Translocations


You had 5 spell levels left.
You knew the following spells:

 Your Spells              Type           Power        Failure   Level  Hunger
a - Apportation           Tloc           #.........   10%         1    #......
b - Blink                 Tloc           N/A          12%         2    ###....
c - Shroud of Golubria    Chrm/Tloc      #.........   21%         2    ###....


Dungeon Overview and Level Annotations

Branches:
Dungeon (5/15)             Temple (1/1) D:4

Altars:
Ashenzari
Cheibriados
Dithmenos
Fedhas
Kikubaaqudgha
Makhleb
Nemelex Xobeh
Okawaru
Qazlal
Ru
Sif Muna
Trog
Vehumet
Xom
Yredelemnul
The Shining One

Shops:
D:4 =:*%   D:5 (


Innate Abilities, Weirdness & Mutations

((You have a beak for a mouth.))
((You have claws for feet.))
You can fly.


Message History

You hit the ice beast but do no damage. The ice beast barely misses you.
You closely miss the ice beast.
The ice beast hits you but does no damage.
You hit the ice beast.
The ice beast is lightly wounded.
The ice beast hits you but does no damage.
You hit the ice beast but do no damage.
The ice beast is lightly wounded.
The ice beast hits you but does no damage.
You hit the ice beast.
The ice beast is moderately wounded.
You barely miss the ice beast.
The ice beast is moderately wounded.
The ice beast hits you but does no damage.
You hit the ice beast.
The ice beast is heavily wounded.
The ice beast hits you.
* * * LOW HITPOINT WARNING * * *
The ice beast freezes you!
You die...

#...Y# #.#
#†#### #.. #Y#
### #.# #.#
#.# #(#
#.###########
#.†.....Y♣..#
###########.#
#.# #.# #.#
#.# ######.#
#.....>####.#.
#.###.........


You could see an ice beast.

Vanquished Creatures
  A sky beast (D:5)
  A vampire bat (D:3)
  A jelly (D:5)
  A giant frog zombie (D:5)
  An orc priest (D:3)
  An iguana (D:3)
  An orc wizard (D:4)
  2 worker ants
  4 adders
  2 oozes (D:3)
  An adder skeleton (D:4)
  A worm (D:2)
  2 dart slugs
  2 giant geckos
  6 orcs (D:3)
  3 bat skeletons (D:3)
  2 bat zombies (D:3)
  3 giant cockroaches
  4 goblins
  9 hobgoblins
  2 jackals (D:4)
  6 kobolds
  A quokka (D:2)
  2 ball pythons (D:4)
  8 bats
  4 giant newts (D:1)
  A quokka skeleton (D:4)
  4 rats
76 creatures vanquished.

Notes
Turn   | Place    | Note
--------------------------------------------------------------
     0 | D:1      | Korbac the Tengu Warper began the quest for the Orb.
     0 | D:1      | Reached XP level 1. HP: 12/12 MP: 4/4
   405 | D:1      | Reached XP level 2. HP: 15/17 MP: 6/6
   806 | D:2      | Reached XP level 3. HP: 15/21 MP: 7/7
   826 | D:2      | Learned a level 2 spell: Blink
  1053 | D:2      | Found a bloodstained altar of Trog.
  1775 | D:3      | Reached XP level 4. HP: 21/27 MP: 8/8
  1786 | D:3      | Found a shattered altar of Ashenzari.
  1906 | D:3      | Found a shadowy altar of Dithmenos.
  1922 | D:3      | Became a worshipper of Dithmenos the Shadowed
  2220 | D:3      | Learned a level 2 spell: Shroud of Golubria
  2256 | D:3      | Found an ancient bone altar of Kikubaaqudgha.
  2271 | D:3      | Gained mutation: You can fly. [Tengu growth]
  2271 | D:3      | Reached XP level 5. HP: 32/32 MP: 9/9
  2522 | D:4      | Found a radiant altar of Vehumet.
  2761 | D:3      | Reached skill level 1 in Unarmed Combat
  2761 | D:3      | Reached XP level 6. HP: 11/37 MP: 10/10
  3092 | D:4      | Found a staircase to the Ecumenical Temple.
  3168 | D:4      | Found Ogis's Food Boutique.
  3243 | D:4      | Found Xoanoj's General Store.
  3268 | D:4      | Found Ybunaf's Jewellery Shop.
  3300 | D:4      | Found Imecwaow's Book Emporium.
  3313 | D:4      | Reached * piety under Dithmenos
  3465 | Temple   | Entered the Ecumenical Temple
  3675 | D:5      | Entered Level 5 of the Dungeon
  3716 | D:5      | Found Kyxkesel's Weapon Shop.
  3769 | D:5      | Noticed a sky beast
  3797 | D:5      | Killed a sky beast
  3797 | D:5      | Reached XP level 7. HP: 17/42 MP: 11/11
  3866 | D:5      | Slain by an ice beast

Skill      XL: |  1  2  3  4  5  6  7 |
---------------+----------------------+-----
Dodging        | 3 4 |  4.2
Polearms       | 3 4 |  4.2
Armour         | 2 |  2.5
Fighting       | 3 |  3.7
Unarmed Combat | 1 2 |  2.0
Translocations | 3 |  3.0
Throwing       | |  1.0
Spellcasting   | |  2.3

Action                   |  1- 3 |  4- 6 |  7- 9 || total
-------------------------+-------+-------+-------++-------
Melee: Spear             |   115 |   184 |    26 ||   325
       Kick              |    21 |    37 |     6 ||    64
       Peck              |    11 |    33 |     4 ||    48
Throw: Tomahawk          |       |     1 |       ||     1
 Cast: Blink             |     1 |     5 |     1 ||     7
 Abil: Fly               |       |     1 |       ||     1
  Use: Scroll            |     3 |     4 |       ||     7
       Potion            |     1 |       |     2 ||     3
 Stab: Sleeping          |     1 |       |       ||     1
  Eat: Bread ration      |     1 |     1 |       ||     2
       Meat ration       |     1 |       |       ||     1
       Fruit             |       |       |     1 ||     1
Armor: Leather armour    |    32 |       |       ||    32
       Quicksilver drago |       |    78 |     5 ||    83
       Skin              |       |       |     5 ||     5
Dodge: Dodged            |    80 |   139 |    11 ||   230
